 Dungeon Crawl Stone Soup version 0.19-a0-28-g8794423 (webtiles) character file.

5659 Minkie the Devastator (level 10, -10/50 HPs)
             Began as a Tengu Fire Elementalist on May 1, 2016.
             Mangled by a guardian serpent (shapeshifter) (12 damage)
             ... on level 8 of the Dungeon.
             The game lasted 00:38:14 (9688 turns).

Minkie the Devastator (Tengu Fire Elementalist)     Turns: 9688, Time: 00:38:14

Health: -10/50     AC:  3    Str: 15    XL:     10   Next: 75%
Magic:  8/24       EV: 12    Int: 19    God:
Gold:   381        SH:  0    Dex: 15    Spells: 3 memorised, 18 levels left

rFire  . . .     SeeInvis +     I - +2 quarterstaff "Giantslayer" {crush, Str+7 SInv} (curse)
rCold  . . .     Gourm    .     y - +0 robe {rN+}
rNeg   + . .     Faith    .     (shield currently unavailable)
rPois  .         Spirit   .     (helmet restricted)
rElec  .         Dismiss  .     f - +0 cloak
rCorr  .         Reflect  .     (no gloves)
SustAt .         Harm     .     (boots unavailable)
MR     +....                    (no amulet)
Stlth  ++........               (no ring)
                                j - ring of protection from magic

@: somewhat resistant to hostile enchantments, unstealthy
A: beak, talons 3, able to fly 1
a: Fly


You were on level 8 of the Dungeon.
You were not hungry.

You visited 2 branches of the dungeon, and saw 9 of its levels.

You collected 381 gold pieces.

Inventory:

Hand Weapons
 v - a +2 whip of freezing
 I - the cursed +2 quarterstaff "Giantslayer" (weapon) {crush, Str+7 SInv}
   (You found it on level 8 of the Dungeon)

   It inflicts extra damage upon your enemies.
   It affects your strength (+7).
   It lets you see invisible.
   It has a curse placed upon it.
Armour
 f - a +0 cloak (worn)
 y - a +0 robe of positive energy (worn)
Jewellery
 j - a ring of protection from magic (left hand)
 l - an uncursed amulet of guardian spirit
 n - a +2 ring of intelligence
Wands
 h - a wand of digging (13/24)
 i - a wand of lightning (10/15)
 F - a wand of polymorph (11/24)
Scrolls
 k - 2 scrolls of blinking
 m - 3 scrolls of immolation
 p - a scroll of amnesia
 s - a scroll of teleportation
 w - 6 scrolls of remove curse
 B - a scroll of summoning {unknown}
 G - 2 scrolls of recharging {unknown}
 H - a scroll of magic mapping
Potions
 a - a potion of haste
 e - a potion of magic
 g - a potion of lignification
 o - a potion of brilliance
 q - a potion of curing
 t - a potion of flight
 u - a potion of might
 z - a potion of heal wounds
 C - a potion of agility {unknown}
 D - a potion of berserk rage {unknown}
Books
 b - a book of Flames

   Spells                             Type                      Level
   a - Flame Tongue                   Conjuration/Fire             1
   b - Throw Flame                    Conjuration/Fire             2
   c - Conjure Flame                  Conjuration/Fire             3
   d - Inner Flame                    Hexes/Fire                   3
   e - Sticky Flame                   Conjuration/Fire             4
   f - Fireball                       Conjuration/Fire             5
Comestibles
 c - 5 bread rations
 d - 11 meat rations
 r - 14 fruits
 x - a beef jerky
 E - 4 chunks of flesh


   Skills:
 - Level 2.1 Dodging
 - Level 2.0 Stealth
 + Level 9.8 Spellcasting
 * Level 15.0 Conjurations
 + Level 7.8 Fire Magic


You had 18 spell levels left.
You knew the following spells:

 Your Spells              Type           Power        Failure   Level  Hunger
a - Flame Tongue          Conj/Fire      #####        1%          1    None
b - Sticky Flame          Conj/Fire      ######..     1%          4    ###....
c - Fireball              Conj/Fire      ######....   1%          5    #####..


Dungeon Overview and Level Annotations

Branches:
Dungeon (8/15)             Temple (1/1) D:7
   Lair: D:8-11

Altars:
Ashenzari
Cheibriados
Dithmenos
Elyvilon
Fedhas
Gozag
Kikubaaqudgha
Makhleb
Nemelex Xobeh
Okawaru
Pakellas
Qazlal
Ru
Trog
Vehumet
Xom
Yredelemnul
Zin
The Shining One

Shops:
D:7 *


Innate Abilities, Weirdness & Mutations

You have a beak for a mouth.
You have claws for feet.
You can fly.


Message History

Casting: Fireball
Confirm with . or Enter, or press ? or * to list all spells.
Aiming: Sticky Flame
Press: ? - help, Shift-Dir - straight line, f/p - guardian serpent
Aim: a guardian serpent (moderately wounded)
The sticky flame hits the guardian serpent.
The guardian serpent is moderately wounded.
The guardian serpent is covered in liquid flames!
The guardian serpent burns!
The guardian serpent hits you!!
* * * LOW HITPOINT WARNING * * *
The orc wizard casts a spell.
The orc wizard blinks!
The guardian serpent completely misses you.
The guardian serpent burns!
The orc wizard gestures wildly while chanting.
The orc wizard blinks!
You are no longer corroded.
The guardian serpent burns!
The guardian serpent burns!
The guardian serpent hits you!
You die...

#8.8 .......
#.##.......
#.'.S...⌠..
##†##=......
#8.8#(......
##o##(...(..
#.# .......
....
##S##.......
##.).
#8@8##.8...8
#.... ##.##
.#..)# ##...
#.###
#+#+#+##....
##'##(


hh)/=() #... #8.8##### ## #.. ##.##############.. #..'.........+....
#.#####...######.. #.#...#.8.#.####.. You could see a guardian serpent (burning)
and an orc wizard.

Vanquished Creatures
  Sigmund (D:4)
  Pikel (D:3)
  Grinder (D:3)
  A wyvern (D:8)
  A hippogriff (D:7)
  Eustachio (D:4)
  The ghost of wearedevo the Caller, an amateur MfSu (D:3)
  A water moccasin (D:7)
  Duvessa (D:4)
  A wasp (D:7)
  2 slaves (D:4)
  5 sky beasts
  2 black bears (D:7)
  An ogre (D:8)
  A centaur (D:7)
  4 giant frogs
  Dowan (D:4)
  A wyvern skeleton (D:6)
  2 hounds
  A giant frog skeleton (D:6)
  3 orc priests
  Crazy Yiuf (D:5)
  A jelly (D:8)
  4 orc wizards
  Terence (D:3)
  7 worker ants
  A killer bee zombie (D:8)
  A worker ant zombie (D:5)
  7 adders
  An ooze (D:3)
  3 adder skeletons
  3 worms
  2 dart slugs
  4 giant geckos
  12 orcs
  11 bats
  10 giant cockroaches
  9 goblins
  15 hobgoblins
  4 jackals
  A quokka (D:8)
  A ball python (D:7)
  2 giant gecko zombies
  10 giant newts
  9 kobolds
  A quokka zombie (D:5)
  12 rats
166 creatures vanquished.

Vanquished Creatures (others)
  A slave (D:4)
1 creature vanquished.

Grand Total: 167 creatures vanquished

Notes
Turn   | Place    | Note
--------------------------------------------------------------
     0 | D:1      | Minkie the Tengu Fire Elementalist began the quest for the Orb.
     0 | D:1      | Reached XP level 1. HP: 10/10 MP: 4/4
   173 | D:1      | Reached skill level 2 in Conjurations
   367 | D:1      | Reached XP level 2. HP: 15/15 MP: 1/6
  1051 | D:1      | Reached XP level 3. HP: 19/19 MP: 4/7
  1401 | D:1      | Reached skill level 3 in Conjurations
  1885 | D:2      | Reached XP level 4. HP: 24/24 MP: 0/9
  1976 | D:2      | Learned a level 4 spell: Sticky Flame
  2918 | D:3      | Reached skill level 4 in Conjurations
  2980 | D:3      | Noticed Grinder
  3069 | D:3      | Noticed wearedevo's ghost (amateur MfSu)
  3152 | D:3      | Gained mutation: You can fly. [Tengu growth]
  3152 | D:3      | Reached XP level 5. HP: 28/28 MP: 7/10
  3283 | D:3      | Noticed Terence
  3357 | D:3      | Killed Terence
  3419 | D:3      | Killed wearedevo's ghost
  3419 | D:3      | Reached skill level 5 in Conjurations
  3419 | D:3      | Reached XP level 6. HP: 3/32 MP: 3/12
  3421 | D:3      | HP: 1/32 [poisoned by wearedevo's ghost]
  3918 | D:3      | Found a blossoming altar of Fedhas.
  4040 | D:3      | Killed Grinder
  4040 | D:3      | Reached skill level 6 in Conjurations
  4040 | D:3      | Reached skill level 5 in Fire Magic
  4040 | D:3      | Reached XP level 7. HP: 8/36 MP: 8/13
  4329 | D:4      | Noticed Pikel
  4503 | D:3      | Killed Pikel
  4503 | D:3      | Reached skill level 8 in Conjurations
  4503 | D:3      | Reached XP level 8. HP: 21/41 MP: 5/15
  4759 | D:4      | Noticed Sigmund
  4769 | D:4      | Learned a level 5 spell: Fireball
  4778 | D:4      | Killed Sigmund
  4778 | D:4      | Reached skill level 5 in Spellcasting
  4778 | D:4      | Reached skill level 9 in Conjurations
  4890 | D:4      | Noticed Eustachio
  5013 | D:4      | Killed Eustachio
  5139 | D:4      | Got a twisted ring mail
  5150 | D:4      | Identified the +1 ring mail of Veanwe {*Confuse MP+9 Str+5} (You found it on level 4 of the Dungeon)
  5574 | D:4      | Noticed Duvessa
  5575 | D:4      | Noticed Dowan
  5584 | D:4      | Killed Duvessa
  5590 | D:4      | Killed Dowan
  5590 | D:4      | Reached skill level 10 in Conjurations
  5590 | D:4      | Reached XP level 9. HP: 30/45 MP: 5/18
  5819 | D:5      | Entered Level 5 of the Dungeon
  6272 | D:5      | Reached skill level 14 in Conjurations
  6272 | D:5      | Reached XP level 10. HP: 50/50 MP: 18/24
  6323 | D:5      | Gained mutation: Your body sometimes deteriorates upon taking damage. [mutagenic meat]
  6434 | D:5      | Found a glowing silver altar of Zin.
  6600 | D:5      | Noticed Crazy Yiuf
  6604 | D:5      | Killed Crazy Yiuf
  8139 | D:7      | Gained mutation: You are frail (-10% HP). [mutagenic meat]
  8140 | D:7      | Gained mutation: Your system is resistant to poisons. [mutagenic meat]
  8143 | D:7      | Gained mutation: Your flesh is cold resistant. [mutagenic meat]
  8510 | D:7      | Found a staircase to the Ecumenical Temple.
  8515 | Temple   | Entered the Ecumenical Temple
  8991 | D:7      | Found Riuched's General Store.
  9409 | D:8      | Reached skill level 15 in Conjurations
  9617 | D:8      | Got an ancient quarterstaff
  9618 | D:8      | Identified the cursed +2 quarterstaff "Giantslayer" {crush, Str+7 SInv} (You found it on level 8 of the Dungeon)
  9634 | D:8      | Lost mutation: Your flesh is cold resistant. [potion of cure mutation]
  9634 | D:8      | Lost mutation: Your system is resistant to poisons. [potion of cure mutation]
  9634 | D:8      | Lost mutation: You are frail (-10% HP). [potion of cure mutation]
  9634 | D:8      | Lost mutation: Your body sometimes deteriorates upon taking damage. [potion of cure mutation]
  9674 | D:8      | Noticed a guardian serpent
  9685 | D:8      | HP: 2/50 [guardian serpent (shapeshifter) (21)]
  9688 | D:8      | Mangled by a guardian serpent (shapeshifter)

Vault maps used:
D:1:      arrival_zaba_pyramid
D:2:      minmay_door_path, first_bread, roderic_serpentine_path,
          kennysheep_minor_cross, roderic_whirl
D:3:      st_stairs_8, fedhas_altar_fruit_tree, uniq_grinder, uniq_terence
D:4:      serial_co_window_serial, co_window_paths_a,
          co_window_of_opportunity_a, co_window_corner_a, co_window_corner_a,
          co_window_paths_b, co_window_corner_ca, co_window_corner_b,
          co_window_broadway_a, co_window_paths_c, glass_columns_c,
          glass_columns_b, glass_columns_a, glass_columns_a, uniq_eustachio,
          uniq_duvessa, uniq_pikel, uniq_sigmund
D:5:      old_standard_altar, kennysheep_small_square, uniq_crazy_yiuf_cottage
D:6:      kennysheep_six_static_rooms
D:7:      temple_doors_e, serial_shops, shop, fountainhead
D:8:      wad_statue_garden
Temple:   dpeg_three_leaves_temple_18

Skill      XL: |  1  2  3  4  5  6  7  8  9 10 |
---------------+-------------------------------+-----
Conjurations   | 2 3 4 5 6 8 10 14 15 | 15.0
Fire Magic     | 4 5 6 7 |  7.8
Spellcasting   | 3 4 5 9 |  9.8
Dodging        | |  2.1
Stealth        | |  2.0

Action                   |  1- 3 |  4- 6 |  7- 9 | 10-12 || total
-------------------------+-------+-------+-------+-------++-------
Melee: Unarmed           |    16 |       |       |       ||    16
       Kick              |     6 |     2 |     1 |     2 ||    11
       Peck              |     3 |     2 |     1 |     3 ||     9
       Short sword       |    14 |     2 |       |       ||    16
       Rapier            |       |    14 |     5 |       ||    19
       Whip              |       |       |     6 |    22 ||    28
       Quarterstaff      |       |       |       |     8 ||     8
 Cast: Flame Tongue      |    66 |    83 |    45 |    69 ||   263
       Sticky Flame      |       |     1 |    12 |    26 ||    39
       Fireball          |       |       |     2 |     2 ||     4
  Use: Potion            |       |     3 |     1 |     1 ||     5
       Scroll            |       |       |    12 |     8 ||    20
 Stab: Sleeping          |     1 |     6 |       |       ||     7
  Eat: Chunk             |     4 |     7 |     3 |    14 ||    28
       Beef jerky        |       |       |     1 |       ||     1
       Bread ration      |       |       |     1 |     1 ||     2
Armor: Robe              |    10 |     6 |       |    12 ||    28
       Ring mail         |       |       |     1 |       ||     1
Dodge: Dodged            |    35 |    11 |    14 |    47 ||   107
